 Dungeon Crawl Stone Soup version 0.30.1-9-gdf580d7c3d (webtiles) character file.

Game seed: 13057400504243882792

32 Peloso the Trooper (level 3, 30/33 HPs)
             Began as a Minotaur Fighter on Oct 23, 2023.
             Got out of the dungeon alive.
             The game lasted 00:01:49 (831 turns).

Peloso the Trooper (Minotaur Fighter)                Turns: 831, Time: 00:01:50

Health: 30/33      AC:  9    Str: 20    XL:     3   Next: 10%
Magic:  2/2        EV:  9    Int:  5    God:
Gold:   44         SH:  4    Dex: 11    Spells: 2/2 levels left

rFire   . . .        a - +0 long sword
rCold   . . .        c - +0 buckler
rNeg    . . .        b - +0 scale mail
rPois   .            (helmet restricted)
rElec   .            (no cloak)
rCorr   .            (no gloves)
SInv    .            (no boots)
Will    .....        (no amulet) Stlth
                     (no ring)
HPRegen 0.25/turn    (no ring)
MPRegen 0.08/turn

%: no passive effects
@: no status effects
A: horns 2, retaliatory headbutt, iridescent scales 1, inability to read after
injury 1
a: no special abilities


You escaped.
You visited 1 branch of the dungeon, and saw 2 of its levels.

You collected 44 gold pieces.

Inventory:

Hand Weapons
 a - a +0 long sword (weapon)
Armour
 b - a +0 scale mail (worn)
 c - a +0 buckler (worn)
Jewellery
 g - a +6 ring of dexterity
Scrolls
 e - 2 scrolls of identify
Potions
 d - a potion of might
 f - a potion of brilliance
 h - a potion of ambrosia {unknown}


   Skills:
 + Level 4.0 Fighting
 + Level 3.0 Long Blades
 + Level 4.0 Armour
 + Level 0.2 Dodging
 + Level 4.0 Shields


You had 2 spell levels left.
You didn't know any spells.
Your spell library was empty.

Dungeon Overview and Level Annotations

Branches:
Dungeon (2/15)

Altars:


Innate Abilities, Weirdness & Mutations

You have a pair of horns on your head.
You reflexively headbutt those who attack you in melee.
You are partially covered in iridescent scales. (AC +2)
You occasionally lose the ability to read scrolls when taking damage.


Message History

The adder barely misses you. The adder bites you.
You are poisoned.
The adder poisons you!
You completely miss the adder. You headbutt the adder.
The adder is severely wounded.
You feel sick. The adder bites you. The adder bites you but does no damage.
You hit the adder.
You kill the adder!
You feel sick.
Your Long Blades skill increases to level 3!
You have reached level 3!
Your experience leads to an increase in your attributes!
Increase (S)trength, (I)ntelligence, or (D)exterity?
You feel agile. x2
A ball python comes into view.
You feel sick.
You feel sick.
You feel sick.
You are no longer poisoned. 2 rats come into view.
The ball python bites you but does no damage.
The ball python grabs you. The ball python constricts you.
The rat moves out of view.
There is a stone staircase leading up here.
You hit the ball python.
You kill the ball python!
Unknown command.
There is a stone staircase leading up here.
You block the rat's attack.
You climb upwards.
There is a stone staircase leading down here.
Unknown command.
You slash the rat!
You kill the rat!
You see here a rat corpse.
There is a staircase leading out of the dungeon here.
You can't go down here!
Unknown command.
Are you sure you want to leave the Dungeon?
This will make you lose the game!
You have escaped!

##########
#≈≈≈≈≈≈≈≈≈≈≈≈≈≈≈≈
#~~≈~~≈~~≈≈≈≈≈≈≈≈
#≈~~~~~.≈~≈≈≈≈≈≈≈
#~~~~.~~..≈~≈≈≈≈≈
#.....~~.~~≈≈≈≈≈≈
##......~~~.~~≈≈≈
#..8....~.~~~~≈≈
##.......@~~.~~≈≈#
########..........~~.≈≈≈#
....>†##...........~~~≈≈#
#.##.###......8....~~~~≈#
#.##.##.............~.~≈#
..##.##.......8......~≈≈#
####.........8.......~~≈#
....................~.~≈#
..##............###.~~~≈#


There were no monsters in sight!

Vanquished Creatures
  An adder (D:2)
  A dart slug (D:2)
  2 endoplasms
  2 hobgoblins
  A quokka (D:1)
  5 ball pythons
  2 bats
  A frilled lizard (D:1)
  4 kobolds
  4 rats
23 creatures vanquished.

Notes
Turn   | Place    | Note
-------+----------+-------------------------------------------
     0 | D:1      | Peloso the Minotaur Fighter began the quest for the Orb.
     0 | D:1      | Reached XP level 1. HP: 19/19 MP: 0/0
   284 | D:1      | Found a faded altar of an unknown god.
   475 | D:1      | Reached XP level 2. HP: 27/27 MP: 1/1
   646 | D:2      | Gained mutation: You occasionally lose the ability to read
                  | scrolls when taking damage. [potion of mutation]
   646 | D:2      | Gained mutation: You are partially covered in iridescent
                  | scales. (AC +2) [potion of mutation]
   803 | D:2      | Reached XP level 3. HP: 26/33 MP: 2/2
   831 | D:$      | Got out of the dungeon alive.

Illustrated notes

Levels and vault maps discovered:
D:1:      nicolae_arrival_washed_ashore, layout_basic,
          dreamdust_ecumenical_altar_grove
D:2:      layout_basic, chequers_hall_statues_wall_a, amcnicky_mini_pool_small

Skill      XL: |  1  2 |
---------------+-------+-----
Fighting       | 4 |  4.0
Armour         | 4 |  4.0
Shields        | 4 |  4.0
Long Blades    | 3 |  3.0
Dodging        | |  0.2

Action                     || total
---------------------------++-------
  Melee: Long sword        ||    48
         Headbutt          ||     7
    Use: Scroll            ||     1
         Potion            ||     1
 Armour: Scale mail        ||    20
  Dodge: Dodged            ||    30
  Block: Buckler           ||    12
